 Dungeon Crawl Stone Soup version 0.30-a0-722-g3e6e8c874d (webtiles) character file.

Game seed: 17069443180605225013

43511 Newt the Thrower (level 13, 0/101 HPs)
             Began as a Demonspawn Gladiator on Jan 27, 2023.
             Was a High Priest of Okawaru.
             Slain by an Executioner (20 damage)
             ... in the Arena.
             The game lasted 00:33:47 (19958 turns).

Newt the Thrower (Demonspawn Gladiator)            Turns: 19958, Time: 00:33:47

Health: 0/101      AC: 18    Str: 20    XL:     13   Next: 91%
Magic:  14/20      EV: 12    Int: 18    God:    Okawaru [*****.]
Gold:   1978       SH:  0    Dex: 15    Spells: 22/22 levels left

rFire   + + +      SeeInvis .    I - +3 Elemental Staff {rElec rF++ rC++ AC+5}
rCold   + + .      Faith    .    (no shield)
rNeg    . . .      Spirit   .    C - +1 leather armour "Zoogiweu" {rElec rF+ Str-2 Int+2}
rPois   .          Reflect  .    V - +1 hat of the Seven Ziggurats {Will+}
rElec   +          Harm     .    (cloak unavailable)
rCorr   .          Rampage  .    a - +2 pair of gloves {Str+3}
Will    +....                    M - +0 pair of boots
Stlth   ++                       o - amulet of the acrobat
HPRegen 0.00/turn                G - +6 ring of intelligence
MPRegen 0.17/turn                (no ring)

@: sick, duelling
A: yellow scales 2, ignite blood 2, spiny 2, weakness stinger 3, sense
surroundings 1, wild magic 1, sturdy frame 1
a: Renounce Religion, Heroism, Finesse, Duel


You were in the Arena.
You worshipped Okawaru.
Okawaru was extremely pleased with you.
You visited 3 branches of the dungeon, and saw 16 of its levels.
You visited the Abyss 1 time.
You also visited: Volcano.

You collected 2310 gold pieces.
You spent 332 gold pieces at shops.

Inventory:

Hand Weapons
 I - the +3 Elemental Staff (weapon) {rElec rF++ rC++ AC+5}
   (You found it on level 8 of the Dungeon)

   It enhances your fire, ice, earth and air magic.
   AC:        It affects your AC (+5).
   rF:        It greatly protects you from fire.
   rC:        It greatly protects you from cold.
   rElec:     It insulates you from electricity.
 P - a +2 halberd of venom
 X - a +1 lajatang of venom
Missiles
 d - 5 boomerangs (quivered)
 e - 9 javelins
 j - 16 atropa-tipped darts
 k - 28 poisoned darts
 p - 5 datura-tipped darts
 J - 2 boomerangs of dispersal
 W - 7 silver javelins
Armour
 a - a +2 pair of gloves of strength (worn)
 C - the +1 leather armour "Zoogiweu" (worn) {rElec rF+ Str-2 Int+2}
   (You found it on level 7 of the Dungeon)

   Str:       It affects your strength (-2).
   Int:       It affects your intelligence (+2).
   rF:        It protects you from fire.
   rElec:     It insulates you from electricity.
 E - the +3 chain mail of the King of the Hill {rF+}
   (You bought it in a shop on level 8 of the Dungeon)

   rF:        It protects you from fire.
 M - a +0 pair of boots (worn)
 O - the +0 kite shield "Ennudoro" {+Inv Fly rF+ rC+}
   (You acquired it on level 10 of the Dungeon)

   rF:        It protects you from fire.
   rC:        It protects you from cold.
   +Inv:      It lets you turn invisible.
   Fly:       It grants you flight.
 U - a +4 plate armour of fire resistance
 V - the +1 hat of the Seven Ziggurats (worn) {Will+}
   (You found it in a volcano)

   Will:      It increases your willpower.
Jewellery
 o - an amulet of the acrobat (around neck)
 G - a +6 ring of intelligence (left hand)
 N - a ring of ice
 T - a ring of fire
Wands
 F - a wand of roots (8)
 K - a wand of polymorph (11)
 L - a wand of flame (26)
 Q - a wand of mindburst (4)
Scrolls
 g - 8 scrolls of teleportation
 n - 3 scrolls of amnesia
 t - 2 scrolls of fear
 v - 2 scrolls of enchant armour
 x - a scroll of magic mapping
 R - 2 scrolls of identify
 Y - a scroll of fog
Potions
 f - 2 potions of magic
 h - 4 potions of might
 l - 4 potions of flight
 m - a potion of mutation
 s - 2 potions of degeneration
 u - 3 potions of haste
 w - 5 potions of curing
 z - a potion of cancellation
 A - a potion of ambrosia
 B - 2 potions of brilliance
 D - a potion of lignification
 S - 2 potions of invisibility
Miscellaneous
 H - a piece from Xom's chessboard (15/15)


   Skills:
 - Level 9.0 Fighting
 - Level 2.6 Short Blades
 - Level 4.0(7.3) Maces & Flails
 - Level 9.6(10.0) Staves
 - Level 12.0 Throwing
 - Level 6.0 Armour
 - Level 2.6 Dodging
 - Level 2.0 Stealth
 - Level 5.0 Spellcasting
 + Level 1.2 Hexes
 + Level 1.1 Translocations
 - Level 10.0 Invocations
 - Level 10.0 Evocations


You had 22 spell levels left.
You didn't know any spells.
Your spell library contained the following spells:

 Spells                   Type           Power      Damage    Failure   Level
 Kiss of Death            Conj/Necr      20%        2d7       21%         1
 Ensorcelled Hibernation  Hex/Ice        26%        N/A       22%         2
 Confusing Touch          Hex            11%        N/A       34%         3
 Gell's Gravitas          Tloc           11%        N/A       34%         3
 Portal Projectile        Hex/Tloc       22%        N/A       34%         3
 Teleport Other           Tloc           11%        N/A       34%         3
 Vhi's Electric Charge    Tloc/Air       24%        N/A       41%         3
 Ozocubu's Armour         Ice            8%         N/A       47%         3
 Spider Form              Tmut/Pois      5%         N/A       47%         3
 Anguish                  Hex/Necr       4%         N/A       78%         4
 Dispel Undead            Necr           5%         3d7       86%         4
 Arcjolt                  Conj/Air       4%         1d14      99%         5
 Blade Hands              Tmut           2%         N/A       99%         5
 Dispersal                Tloc           5%         N/A       100%        6
 Ozocubu's Refrigeration  Ice            4%         4d8       100%        7
 Maxwell's Capacitive Co  Air            4%         ∞         100%        8
 Tukima's Dance           Hex            Unusable   N/A       N/A         3

Dungeon Overview and Level Annotations

Branches:
Dungeon (11/15)            Temple (1/1) D:6            Lair (4/5) D:11
 Shoals (0/4) Lair:2       Spider (0/4) Lair:2          Orc (0/2) D:11
Volcano (visited)
  Slime: Lair:4-5

Altars:
Ashenzari
Cheibriados
Dithmenos
Fedhas
Gozag
Hepliaklqana
Kikubaaqudgha
Makhleb
Nemelex Xobeh
Okawaru
Qazlal
Ru
Sif Muna
Trog
Uskayaw
Vehumet
Wu Jian
Xom
Yredelemnul

Shops:
D:1 =   D:6 !   D:8 *

Annotations:
Lair:4 Sonja


Innate Abilities, Weirdness & Mutations

You are mostly covered in yellow scales. (AC +3)
Your demonic aura often causes spilled blood to erupt in flames.
You are mostly covered in sharp spines.
You have a sharp stinger which inflicts weakening toxins.
You passively map a small area around you.
Your spells are a little harder to cast, but a little more powerful.
Your movements are slightly less encumbered by armour. (ER -2)


Message History

The Executioner completely misses you.
The spectator waves a pennant, rooting for your enemy!
Throw: 12 javelins
Press: ? - help, Shift-Dir - straight line, f/p - Executioner
Aim: an Executioner (heavily wounded, fast, 55% to hit)
You throw a javelin.
The javelin barely misses the Executioner.
The Executioner is engulfed in blazing flames.
The Executioner barely misses you.
The Executioner hits you but does no damage. x2
Throw: 11 javelins
Press: ? - help, Shift-Dir - straight line, f/p - Executioner
Aim: an Executioner (flame, heavily wounded, fast, 55% to hit)
You throw a javelin.
The javelin completely misses the Executioner.
The Executioner is engulfed in blazing flames.
The Executioner is struck by your spines.
The Executioner hits you but does no damage. x3
The Executioner is engulfed in blazing flames.
The Executioner misses you. The Executioner hits you.
* * * LOW HITPOINT WARNING * * *
The Executioner hits you but does no damage.
The Executioner is engulfed in blazing flames.
The Executioner hits you but does no damage. x2
The Executioner hits you.
* * * LOW HITPOINT WARNING * * *
You feel yourself slow down.
The Executioner is engulfed in blazing flames. x2
The Executioner completely misses you. The Executioner misses you.
The Executioner completely misses you.
Throw: 10 javelins
Press: ? - help, Shift-Dir - straight line, f/p - Executioner
Aim: an Executioner (flame, severely wounded, fast, 55% to hit)
You throw a javelin.
The javelin barely misses the Executioner.
The Executioner is engulfed in blazing flames.
The Executioner is struck by your spines.
The Executioner hits you!!
You die...
Okawaru crowns the Executioner victorious!

###########
#..p.ppp..#
#.▓▓▓▓▓▓▓.#
#p▓.....▓.#
#p▓.....▓p#
#p▓.○°.(▓p#
#p▓@1°((▓p#
#p▓.....▓p#
#.▓▓▓▓▓▓▓.#
#..p▓∩▓p..#
###########


You could see an Executioner (fast).

Vanquished Creatures
  The ghost of octoduck the Brawler, a journeyman TrTm of Makhleb (Lair:2)
  Fannar (D:11)
  2 catoblepae (Lair:3)
  Josephine (D:10)
  Erolcha (D:10)
  Erica (D:8)
  A centaur warrior (D:8)
  2 two-headed ogres
  4 death yaks (Lair:3)
  2 thrashing horrors
  Nergalle (Lair:2)
  2 skeletal warriors (Volcano)
  A large abomination (Abyss:1)
  A sixfirhy (Abyss:1)
  Pikel (D:3)
  2 cyclopes
  A manticore (D:11)
  2 black mambas
  A merfolk siren (Lair:2)
  6 gargoyles
  A torpor snail (shapeshifter) (D:11)
  6 cane toads
  2 rime drakes
  An unseen horror zombie (D:9)
  7 komodo dragons
  Psyche (D:8)
  A kobold demonologist (D:10)
  2 polar bears (Lair:1)
  4 trolls
  2 hornets
  Prince Ribbit (D:8)
  Grinder (D:4)
  8 blink frogs
  4 harpy skeletons (Volcano)
  4 raiju (Abyss:1)
  3 flying skulls (Volcano)
  Sigmund (D:2)
  A culicivora (Lair:2)
  A spriggan (Lair:2)
  2 jumping spiders (Lair:2)
  A vampire (D:10)
  20 yaks
  7 wraiths
  2 shadows
  4 wyverns
  A ynoxinul (Abyss:1)
  2 basilisks
  2 fire elementals (Lair:3)
  4 vampire mosquitoes (D:10)
  A steam dragon (D:9)
  Menkaure (D:5)
  9 water moccasins
  An acid dragon (D:9)
  4 orc warriors
  3 ice beasts
  31 wolves (Lair:2)
  3 black bears
  3 ogres
  4 centaurs
  2 lemures (D:3)
  3 phantoms
  3 kobold brigands
  11 bullfrogs
  A necrophage (D:7)
  5 scorpions
  10 wights
  12 killer bees
  3 troll skeletons (Volcano)
  5 howler monkeys
  2 electric eels
  3 spriggan skeletons (Volcano)
  3 lava snakes
  2 centaur zombies (D:9)
  A hound (D:6)
  An iron imp (Abyss:1)
  2 jellies
  A gnoll bouda (D:6)
  7 orc priests
  Natasha (thrice) (D:4)
  3 iguanas (D:4)
  8 orc wizards
  3 hell rats (D:7)
  A killer bee zombie (D:9)
  A naga skeleton (Volcano)
  6 gnolls
  13 adders
  5 river rats (D:7)
  A shadow imp (D:6)
  2 white imps
  4 ufetubi
  2 worms
  2 dart slugs (D:4)
  30 orcs
  5 ball pythons
  6 bats
  6 endoplasms
  6 giant cockroaches
  5 goblins
  9 hobgoblins
  14 kobolds
  9 quokkas
  7 frilled lizards
  22 rats
440 creatures vanquished.

Vanquished Creatures (others)
  45 fungi
  49 plants
  4 withered plants (D:9)
98 creatures vanquished.

Grand Total: 538 creatures vanquished

Notes
Turn   | Place    | Note
-------+----------+-------------------------------------------
     0 | D:1      | Newt the Demonspawn Gladiator began the quest for the Orb.
     0 | D:1      | Reached XP level 1. HP: 16/16 MP: 1/1
    74 | D:1      | Reached skill level 1 in Stealth
    74 | D:1      | Gained mutation: You are partially covered in sharp spines.
                  | [demonic ancestry]
    74 | D:1      | Reached XP level 2. HP: 7/22 MP: 2/2
   389 | D:1      | Reached XP level 3. HP: 28/28 MP: 3/3
   604 | D:1      | Found Zeclecag's Jewellery Boutique.
   957 | D:2      | Reached XP level 4. HP: 37/37 MP: 4/4
  1212 | D:2      | Found a shadowy altar of Dithmenos.
  1365 | D:2      | Noticed Sigmund
  1384 | D:2      | Killed Sigmund
  1385 | D:2      | Reached skill level 4 in Throwing
  1385 | D:2      | Gained mutation: You are partially covered in yellow
                  | scales. (AC +2) [demonic ancestry]
  1385 | D:2      | Reached XP level 5. HP: 21/42 MP: 5/5
  1875 | D:3      | Reached XP level 6. HP: 45/48 MP: 6/6
  1912 | D:3      | Found a basalt altar of Yredelemnul.
  2654 | D:4      | Noticed Pikel
  2657 | D:4      | Noticed Natasha
  2687 | D:3      | HP: 2/48 [lemure[Pikel] (5)]
  2689 | D:3      | Gained mutation: Your magical capacity is low. (-10% MP)
                  | [potion of mutation]
  2689 | D:3      | Lost mutation: Your magical capacity is low. (-10% MP)
                  | [potion of mutation]
  2689 | D:3      | Gained mutation: You are agile. (Dex +4, Str/Int -1)
                  | [potion of mutation]
  2695 | D:3      | HP: 2/48 [lemure[Pikel] (7)]
  2883 | D:3      | Killed Pikel
  2884 | D:3      | Reached skill level 5 in Throwing
  2884 | D:3      | Gained mutation: You have a small tail. [demonic ancestry]
  2884 | D:3      | Reached XP level 7. HP: 3/55 MP: 7/7
  3180 | D:4      | Killed Natasha
  3209 | D:4      | Reached skill level 5 in Fighting
  3266 | D:4      | Noticed Natasha
  3274 | D:4      | Killed Natasha
  3283 | D:4      | Noticed Natasha
  3291 | D:4      | Killed Natasha
  3335 | D:4      | Found a shimmering altar of Xom.
  3399 | D:4      | Gained mutation: You have a tail ending in a sharp stinger.
                  | [demonic ancestry]
  3399 | D:4      | Reached XP level 8. HP: 59/64 MP: 8/8
  3402 | D:4      | Reached skill level 1 in Maces & Flails
  3546 | D:4      | Noticed Grinder
  3584 | D:4      | HP: 3/64 [Grinder (2)]
  3585 | D:4      | Killed Grinder
  4072 | D:4      | Found a blossoming altar of Fedhas.
  4221 | D:5      | Entered Level 5 of the Dungeon
  4261 | D:5      | Noticed Menkaure
  4268 | D:5      | Killed Menkaure
  4357 | D:5      | Found an ancient bone altar of Kikubaaqudgha.
  4427 | D:5      | Reached skill level 6 in Throwing
  4650 | D:5      | Reached skill level 7 in Throwing
  4730 | D:5      | Gained mutation: You are mostly covered in yellow scales.
                  | (AC +3) [demonic ancestry]
  4730 | D:5      | Reached XP level 9. HP: 67/69 MP: 9/9
  5009 | D:5      | Found a stormy altar of Qazlal.
  5091 | D:6      | Found a staircase to the Ecumenical Temple.
  5451 | D:6      | Identified the +1 robe "Foohit" {rElec Stlth+}
  5461 | D:6      | Reached skill level 8 in Throwing
  5868 | D:6      | Found Musemoah's Distillery.
  6065 | Temple   | Entered the Ecumenical Temple
  6146 | Temple   | Became a worshipper of Warmaster Okawaru
  6562 | D:7      | Found a hide-covered altar of Uskayaw.
  6575 | D:7      | Reached skill level 5 in Armour
  6678 | D:7      | Reached * piety under Okawaru
  6929 | D:7      | Found a radiant altar of Vehumet.
  7443 | D:7      | Gained mutation: Your demonic aura sometimes causes spilled
                  | blood to erupt in flames. [demonic ancestry]
  7443 | D:7      | Reached XP level 10. HP: 35/81 MP: 10/10
  7457 | D:7      | Identified the +1 leather armour "Zoogiweu" {rElec rF+
                  | Str-2 Int+2}
  7846 | D:8      | Noticed a two-headed ogre
  7846 | D:8      | Found the +3 Elemental Staff {rElec rF++ rC++ AC+5}
  7847 | D:8      | Noticed a centaur warrior
  8116 | D:8      | Found Anwaunn's Assorted Antiques.
  8119 | D:8      | Bought a bubbling cyan potion for 28 gold pieces
  8128 | D:8      | Bought a twisted chain mail for 304 gold pieces
  8128 | D:8      | Identified the +3 chain mail of the King of the Hill {rF+}
                  | (You bought it in a shop on level 8 of the Dungeon)
  8156 | D:8      | Killed a centaur warrior
  8227 | D:8      | Reached ** piety under Okawaru
  8245 | D:8      | Reached skill level 5 in Invocations
  8252 | D:8      | Killed a two-headed ogre
  8262 | D:8      | Noticed Erica
  8278 | D:8      | Killed Erica
  8279 | D:8      | Reached skill level 9 in Throwing
  8411 | D:8      | Noticed Prince Ribbit
  8419 | D:8      | Killed Prince Ribbit
  8610 | D:8      | Reached *** piety under Okawaru
  8641 | D:8      | Noticed Psyche
  8645 | D:8      | Killed Psyche
  8646 | D:8      | Reached skill level 10 in Throwing
  9080 | D:8      | Found a hazy altar of Hepliaklqana.
  9274 | D:9      | Identified the +5 spear of Purpose {flame, MP+9 Stlth+}
  9344 | D:9      | Gained mutation: Your demonic aura often causes spilled
                  | blood to erupt in flames. [demonic ancestry]
  9344 | D:9      | Reached XP level 11. HP: 58/88 MP: 15/15
  9516 | D:9      | Found a sacrificial altar of Ru.
  9616 | D:9      | Reached **** piety under Okawaru
  9999 | D:9      | Reached skill level 11 in Throwing
 10243 | D:9      | Found an ornate altar of the Wu Jian Council.
 10435 | D:9      | Received a gift from Okawaru
 11459 | D:10     | Entered Level 10 of the Dungeon
 11791 | D:9      | Reached skill level 12 in Throwing
 11899 | D:10     | Reached skill level 1 in Evocations
 12322 | D:10     | Noticed Erolcha
 12328 | D:10     | Killed Erolcha
 12371 | D:10     | Noticed Josephine
 12379 | D:10     | Killed Josephine
 12379 | D:10     | Reached ***** piety under Okawaru
 12380 | D:10     | Reached skill level 5 in Evocations
 12403 | D:10     | Received a gift from Okawaru
 12972 | D:10     | Received a gift from Okawaru
 12991 | D:10     | Identified 3 scrolls of acquirement
 12991 | D:10     | Acquired the +0 kite shield "Ennudoro" {+Inv Fly rF+ rC+}
 12993 | D:10     | Acquired 795 gold pieces
 12995 | D:10     | Acquired 220 gold pieces
 13176 | D:11     | Noticed Fannar
 13183 | D:11     | Killed Fannar
 13184 | D:11     | Gained mutation: You are mostly covered in sharp spines.
                  | [demonic ancestry]
 13184 | D:11     | Reached XP level 12. HP: 95/95 MP: 16/16
 13225 | D:11     | Received a gift from Okawaru
 13254 | D:11     | Found a staircase to the Lair.
 13309 | D:11     | Noticed a two-headed ogre
 13318 | D:11     | Killed a two-headed ogre
 13545 | D:11     | Found a staircase to the Orcish Mines.
 13898 | Lair:1   | Entered Level 1 of the Lair of Beasts
 13994 | Lair:1   | Reached skill level 10 in Evocations
 14001 | Lair:1   | Received a gift from Okawaru
 14092 | Lair:1   | Received a gift from Okawaru
 14166 | Lair:1   | You fall into a shaft and drop 1 floor!
 14206 | Lair:2   | Received a gift from Okawaru
 14207 | Lair:2   | Found a runed translucent gate.
 14271 | Lair:2   | Reached skill level 10 in Invocations
 14274 | Lair:2   | Reached skill level 1 in Staves
 14603 | Lair:1   | Found a dark tunnel.
 14611 | Volcano  | Entered a volcano
 14842 | Volcano  | Reached skill level 5 in Staves
 14842 | Volcano  | Gained mutation: You have a sharp stinger which inflicts
                  | weakening toxins. [demonic ancestry]
 14842 | Volcano  | Reached XP level 13. HP: 58/101 MP: 20/20
 15088 | Volcano  | Reached ****** piety under Okawaru
 15088 | Volcano  | Received a gift from Okawaru
 15334 | Volcano  | Received a gift from Okawaru
 15844 | Volcano  | Identified the +1 hat of the Seven Ziggurats {Will+}
 16332 | Lair:2   | Noticed Nergalle
 16348 | Lair:2   | Killed Nergalle
 16992 | Lair:2   | Found a runed translucent gate.
 16992 | Lair:2   | Found a runed translucent gate.
 16993 | Lair:2   | Noticed octoduck's ghost (journeyman TrTm)
 17109 | Lair:2   | Found a hole to the Spider Nest.
 17625 | Lair:2   | Found a staircase to the Shoals.
 17942 | Lair:2   | Killed octoduck's ghost
 18143 | Lair:3   | Received a gift from Okawaru
 18715 | Lair:3   | Reached skill level 1 in Spellcasting
 18728 | Lair:3   | HP: 5/101 [death yak (22)]
 19075 | Lair:3   | Acquired a +2 pair of gloves of strength
 19082 | Lair:3   | Lost mutation: You are agile. (Dex +4, Str/Int -1) [potion
                  | of mutation]
 19082 | Lair:3   | Gained mutation: You sometimes lose your temper in combat.
                  | [potion of mutation]
 19082 | Lair:3   | Gained mutation: You occasionally lose the ability to drink
                  | potions when taking damage. [potion of mutation]
 19082 | Lair:3   | Gained mutation: Your skin changes colour to match your
                  | surroundings (Stealth+). [potion of mutation]
 19083 | Lair:3   | Lost mutation: Your skin changes colour to match your
                  | surroundings (Stealth+). [potion of mutation]
 19083 | Lair:3   | Lost mutation: You sometimes lose your temper in combat.
                  | [potion of mutation]
 19083 | Lair:3   | Lost mutation: You occasionally lose the ability to drink
                  | potions when taking damage. [potion of mutation]
 19083 | Lair:3   | Gained mutation: You sometimes lose your temper in combat.
                  | [potion of mutation]
 19083 | Lair:3   | Gained mutation: You are robust. (+10% HP) [potion of
                  | mutation]
 19083 | Lair:3   | Gained mutation: Your system is resistant to poisons.
                  | (rPois) [potion of mutation]
 19084 | Lair:3   | Lost mutation: You are robust. (+10% HP) [potion of
                  | mutation]
 19084 | Lair:3   | Lost mutation: You sometimes lose your temper in combat.
                  | [potion of mutation]
 19084 | Lair:3   | Lost mutation: Your system is resistant to poisons. (rPois)
                  | [potion of mutation]
 19084 | Lair:3   | Gained mutation: You passively map a small area around you.
                  | [potion of mutation]
 19084 | Lair:3   | Gained mutation: Your movements are slightly less
                  | encumbered by armour. (ER -2) [potion of mutation]
 19084 | Lair:3   | Gained mutation: Your spells are a little harder to cast,
                  | but a little more powerful. [potion of mutation]
 19168 | Lair:3   | Received a gift from Okawaru
 19409 | Lair:4   | Noticed Sonja
 19418 | Abyss:1  | Cast into level 1 of the Abyss (Sonja)
 19423 | Abyss:1  | Found a corrupted altar of Lugonu.
 19516 | Abyss:1  | Found a corrupted altar of Lugonu.
 19518 | Abyss:1  | Found a corrupted altar of Lugonu.
 19518 | Abyss:1  | Found a corrupted altar of Lugonu.
 19545 | Abyss:1  | Noticed a starcursed mass
 19591 | Abyss:1  | Noticed an Executioner
 19601 | Abyss:1  | Received a gift from Okawaru
 19603 | Arena    | Entered the Arena
 19682 | Abyss:1  | Received a gift from Okawaru
 19683 | Abyss:1  | Reached skill level 5 in Spellcasting
 19764 | Abyss:2  | Noticed a hellephant
 19825 | Abyss:4  | Found a corrupted altar of Lugonu.
 19833 | Abyss:4  | Noticed a white draconian
 19874 | Abyss:4  | Found a corrupted altar of Lugonu.
 19906 | Abyss:4  | Noticed a starcursed mass
 19906 | Abyss:4  | Noticed a starcursed mass
 19916 | Abyss:4  | Noticed an angel
 19926 | Abyss:4  | Reached skill level 1 in Hexes
 19926 | Abyss:4  | Reached skill level 1 in Translocations
 19928 | Abyss:4  | Noticed an Executioner
 19948 | Arena    | Entered the Arena
 19952 | Arena    | HP: 4/101 [Executioner (6)]
 19958 | Arena    | Slain by an Executioner

Illustrated notes

Levels and vault maps discovered:
D:1:      evilmike_arrival_home_sweet_home, layout_loops_ring, serial_shops,
          shop
D:2:      minmay_wonky_spiral, layout_basic, basic_altar, uniq_sigmund
D:3:      layout_basic, mainiacjoe_overflow_chevrons, minivault_25,
          grunt_ministairs_10
D:4:      layout_gridville, mainiacjoe_overflow_surrounded_room,
          fedhas_altar_fruit_tree, guppyfry_early_lair_pool, uniq_pikel,
          uniq_natasha, uniq_grinder
D:5:      layout_basic, elyvilon_altar_3, nicolae_kikubaaqudgha_miasma_corner,
          nicolae_qazlal_scattered_showers, chequers_jeans, uniq_menkaure
D:6:      nicolae_cairo_tiling, layout_gridville, minmay_temple_entry_overgrown,
          serial_shops, shop_statue
D:7:      lemuel_ratsnest, layout_basic, mainiacjoe_overflow_tiny_flanked,
          lemuel_doored_altar
D:8:      layout_rooms, mainiacjoe_overflow_boulevard, serial_shops,
          kennysheep_mini, minmay_radiant, uniq_psyche, uniq_erica,
          uniq_prince_ribbit1
D:9:      layout_roguey, hangedman_ru_absence,
          mainiacjoe_overflow_catch_the_wave, serial_undead, serial_undead_f,
          serial_undead_b, serial_undead_b, serial_undead_d,
          kennysheep_island_fort
D:10:     layout_gridville, uniq_josephine, uniq_erolcha
D:11:     layout_cave_pools, due_lair_maze_entry_diamond,
          minmay_orc_entry_temple_small, minmay_fractal_squares_gapless_5,
          uniq_fannar
Temple:   compressed_dpeg_circular_temple
Lair:1:   layout_loops_ring, lightli_volcano_entry_magma_tube
Lair:2:   layout_layer_cave, minmay_shoals_entry_lonely_mermaid,
          spider_nest_entry_funnel_web, ebering_ghost_rock_garden,
          grunt_forest_large_clearings, serial_bayou_shore_a, uniq_nergalle
Lair:3:   layout_gridlike, lemuel_fruit_tree
Lair:4:   layout_loops_ring, gauntlet_entry_generic, uniq_sonja
Arena

Skill      XL: |  1  2  3  4  5  6  7  8  9 10 11 12 13 |
---------------+----------------------------------------+-----
Stealth        | 1 2 |  2.0
Fighting       | 3 4 6 8 9 |  9.0
Throwing       | 4 5 7 8 10 12 | 12.0
Armour         | 4 6 |  6.0
Maces & Flails | 4 |  4.0
Invocations    | 6 10 | 10.0
Evocations     | 7 10 | 10.0
Staves         | 5 9 |  9.6
Spellcasting   | 5 |  5.0
Hexes          | 1 |  1.2
Translocations | 1 |  1.1
Short Blades   | |  2.6
Dodging        | |  2.6

Action                     |  1- 3 |  4- 6 |  7- 9 | 10-12 | 13-15 || total
---------------------------+-------+-------+-------+-------+-------++-------
  Melee: Rapier            |    68 |    80 |       |       |       ||   148
         Punch             |     1 |     1 |     6 |     6 |     3 ||    17
         Whip              |       |       |   270 |    61 |       ||   331
         Tailslap          |       |       |    39 |    95 |    49 ||   183
         Staff             |       |       |       |   432 |   240 ||   672
  Throw: Throwing net      |     3 |     1 |     1 |     1 |     2 ||     8
         Javelin           |       |     7 |    16 |    23 |    16 ||    62
         Dart              |       |       |     8 |     3 |     5 ||    16
         Boomerang         |       |       |    41 |   134 |    91 ||   266
 Invoke: Duel              |       |       |       |       |     2 ||     2
  Evoke: Wand              |       |       |       |       |     1 ||     1
    Use: Scroll            |     3 |     4 |    10 |    10 |     3 ||    30
         Potion            |       |     3 |     4 |       |     7 ||    14
   Stab: Sleeping          |     3 |     6 |       |     2 |     5 ||    16
         Held in net/web   |     1 |     1 |       |       |       ||     2
         Distracted        |       |       |       |     1 |     1 ||     2
 Armour: Leather armour    |    20 |    10 |       |   217 |   142 ||   389
         Scale mail        |       |    26 |    91 |     3 |       ||   120
         Skin              |       |       |       |     1 |       ||     1
  Dodge: Dodged            |    27 |    56 |   171 |   375 |   240 ||   869

Table legend: (Time is in decaauts)
 A = Elapsed time spent in this place.
 B = Non-inter-level travel time spent in this place.
 C = Inter-level travel time spent in this place.
 D = Time resting spent in this place.
 E = Time spent auto-exploring this place.
 F = Levels seen in this place.
 G = Mean time per level.
                   A        B        C        D        E       F      G
               +--------+--------+--------+--------+--------+-----+--------+
         Total |  19925 |  18552 |   1373 |   4350 |  10551 |  24 |  830.2 |
       Dungeon |  13840 |  12653 |   1187 |   2884 |   7679 |  11 | 1258.2 |
        Temple |     94 |     74 |     20 |      0 |     65 |   1 |   94.0 |
          Lair |   4217 |   4052 |    165 |    898 |   2261 |   4 | 1054.2 |
         Abyss |    482 |    482 |      0 |    120 |      0 |   5 |   96.4 |
       Volcano |   1251 |   1251 |      0 |    424 |    545 |   1 | 1251.0 |
         Arena |     38 |     38 |      0 |     23 |      0 |   2 |   19.0 |
               +--------+--------+--------+--------+--------+-----+--------+

Top non-repeatable levels by time:
     D:7: 2100 daAuts
  Lair:2: 2068 daAuts
     D:9: 1745 daAuts
     D:3: 1454 daAuts
     D:8: 1385 daAuts
    D:10: 1292 daAuts
  Lair:3: 1253 daAuts
 Volcano: 1251 daAuts
     D:6: 1193 daAuts
     D:5: 1098 daAuts
     D:4: 1090 daAuts
     D:2: 910 daAuts
  Lair:1: 888 daAuts
    D:11: 803 daAuts
     D:1: 764 daAuts
